| TOP OF THE 1ST |
|
Manchester Fisher Cats batting - Pitching for Waterbury Rough Riders : RHP Darryl Banks
|
|
Pitching: RHP Darryl Banks
|
|
|
Batting: LHB Mike Ciampa
|
0-0: Fly out, F8 (Line Drive, 8RM, EV 96.3 MPH)
|
|
Batting: RHB Reymundo Estevez
|
0-0: Ball 1-0: Foul Ball, location: 2F 1-1: Foul Ball, location: 2F 1-2: Ball 2-2: Ball 3-2: Base on Balls
|
|
Batting: RHB Tony Stevens
|
0-0: Ball 1-0: Ball 2-0: Ball 3-0: Called Strike 3-1: Base on Balls Reymundo Estevez to second
|
|
Batting: RHB Paul Croft
|
0-0: Foul Ball, location: 2F 0-1: Swinging Strike 0-2: Ball 1-2: Strikes out looking
|
|
Batting: RHB Dennis Gilbert
|
0-0: Called Strike 0-1: Called Strike 0-2: Ball 1-2: Strikes out swinging, 2-3 out at first.
|
| Top of the 1st over - 0 runs, 0 hits, 0 errors, 2 left on base; Manchester 0 - Waterbury 0 |
| BOTTOM OF THE 1ST |
|
Waterbury Rough Riders batting - Pitching for Manchester Fisher Cats : RHP Jesse Flores
|
|
Pitching: RHP Jesse Flores
|
|
|
Batting: LHB Mauricio Medina
|
0-0: Ball 1-0: Foul Ball, location: 2F 1-1: SINGLE (Groundball, 56S, EV 64.4 MPH) (infield hit)
|
|
Batting: LHB Dale Holman
|
0-0: Ball 1-0: Fly out, F7 (Flyball, 7D, EV 92.5 MPH)
|
|
Batting: LHB Mike Lebo
|
0-0: SINGLE (Groundball, 4MD, EV 100.0 MPH) Mauricio Medina to second Runner from 2nd tries for 3rd, SAFE, throw by CF made to third
|
|
Batting: RHB Jim Maler
|
0-0: Ball 1-0: Called Strike 1-1: Ball 2-1: Fly out, F9 (Flyball, 89S, EV 76.3 MPH)
|
|
Batting: RHB Junior Ortiz
|
0-0: Ball 1-0: Called Strike 1-1: Fly out, F7 (Line Drive, 7, EV 109.4 MPH)
|
| Bottom of the 1st over - 0 runs, 2 hits, 0 errors, 2 left on base; Manchester 0 - Waterbury 0 |
| TOP OF THE 2ND |
|
Manchester Fisher Cats batting - Pitching for Waterbury Rough Riders : RHP Darryl Banks
|
|
Batting: LHB Herbert Orensky
|
0-0: Called Strike 0-1: Ball 1-1: Ball 2-1: Swinging Strike 2-2: Fly out, F4 (Line Drive, 4, EV 65.6 MPH)
|
|
Batting: SHB Danny Hernandez
|
0-0: Foul Ball, location: 2F 0-1: Foul Ball, location: 2F 0-2: Ball 1-2: Foul Ball, location: 2F 1-2: Ball 2-2: Ball 3-2: Foul Ball, location: 2F 3-2: SINGLE (Flyball, 8RS, EV 91.9 MPH)
|
|
Batting: LHB Mel Hall
|
0-0: Ball 1-0: Swinging Strike Pickoff Throw to First - Error! E1 Danny Hernandez to second 1-1: Ball 2-1: Ball 3-1: Base on Balls
|
|
Batting: RHB Alex Rodriguez
|
0-0: Ball Danny Hernandez is caught stealing 3rd base 2-5 1-0: Swinging Strike 1-1: Called Strike 1-2: Strikes out swinging
|
| Top of the 2nd over - 0 runs, 1 hit, 1 error, 1 left on base; Manchester 0 - Waterbury 0 |
| BOTTOM OF THE 2ND |
|
Waterbury Rough Riders batting - Pitching for Manchester Fisher Cats : RHP Jesse Flores
|
|
Batting: RHB David Corman
|
0-0: Foul Ball, location: 2F 0-1: SINGLE (Line Drive, 4D, EV 96.3 MPH)
|
|
Batting: LHB Wilson Tucker
|
0-0: Ball 1-0: Fly out, F7 (Flyball, 7LD, EV 98.1 MPH)
|
|
Batting: RHB Daniel Purpura
|
0-0: Fielders Choice at 2nd, 3-6 (Groundball, 34, EV 104.4 MPH)
|
|
Batting: RHB Jackie Gutierrez
|
0-0: Foul Ball, location: 2F 0-1: Ball 1-1: Foul Ball, location: 2F 1-2: Ball 2-2: Fly out, F3 (Popup, 34S, EV 76.3 MPH)
|
| Bottom of the 2nd over - 0 runs, 1 hit, 0 errors, 1 left on base; Manchester 0 - Waterbury 0 |
| TOP OF THE 3RD |
|
Manchester Fisher Cats batting - Pitching for Waterbury Rough Riders : RHP Darryl Banks
|
|
Batting: LHB Mike Ciampa
|
0-0: Ball 1-0: Foul Ball, location: 2F 1-1: Ground out U3 (Groundball, 34S, EV 63.1 MPH)
|
|
Batting: RHB Reymundo Estevez
|
0-0: Called Strike 0-1: Ball 1-1: Foul Ball, location: 2F 1-2: Ball 2-2: Ball 3-2: SINGLE (Groundball, 5L, EV 101.9 MPH)
|
|
Batting: RHB Tony Stevens
|
0-0: Foul Ball, location: 2F 0-1: Ball 1-1: SINGLE (Line Drive, 56D, EV 108.8 MPH) Reymundo Estevez to second
|
|
Batting: RHB Paul Croft
|
0-0: Ball 1-0: Foul Ball, location: 2F 1-1: Ball Tony Stevens is caught stealing 2nd base 2-4 Reymundo Estevez steals 3rd base 2-1: Ball 3-1: Foul Ball, location: 2F 3-2: Fly out, F9 (Flyball, 9, EV 95.6 MPH)
|
| Top of the 3rd over - 0 runs, 2 hits, 0 errors, 1 left on base; Manchester 0 - Waterbury 0 |
| BOTTOM OF THE 3RD |
|
Waterbury Rough Riders batting - Pitching for Manchester Fisher Cats : RHP Jesse Flores
|
|
Batting: LHB Mauricio Medina
|
0-0: Ball 1-0: Ground out 6-3 (Groundball, 6M, EV 88.8 MPH)
|
|
Batting: LHB Dale Holman
|
0-0: Ground out 6-3 (Groundball, 6, EV 86.3 MPH)
|
|
Batting: LHB Mike Lebo
|
0-0: Swinging Strike 0-1: Foul Ball, location: 2F 0-2: Ground out 6-3 (Groundball, 6M, EV 83.1 MPH)
|
| Bottom of the 3rd over - 0 runs, 0 hits, 0 errors, 0 left on base; Manchester 0 - Waterbury 0 |
| TOP OF THE 4TH |
|
Manchester Fisher Cats batting - Pitching for Waterbury Rough Riders : RHP Darryl Banks
|
|
Batting: RHB Dennis Gilbert
|
0-0: Foul Ball, location: 2F 0-1: Ball 1-1: Foul Ball, location: 2F 1-2: Strikes out looking
|
|
Batting: LHB Herbert Orensky
|
0-0: SINGLE (Groundball, 4MD, EV 108.1 MPH)
|
|
Batting: SHB Danny Hernandez
|
0-0: Ball 1-0: Fielders Choice at 2nd, 3-6 (Groundball, 3, EV 96.3 MPH)
|
|
Batting: LHB Mel Hall
|
0-0: Ball 1-0: Ball 2-0: Foul Ball, location: 2F 2-1: Fly out, F8 (Flyball, 8LS, EV 77.5 MPH)
|
| Top of the 4th over - 0 runs, 1 hit, 0 errors, 1 left on base; Manchester 0 - Waterbury 0 |
| BOTTOM OF THE 4TH |
|
Waterbury Rough Riders batting - Pitching for Manchester Fisher Cats : RHP Jesse Flores
|
|
Batting: RHB Jim Maler
|
0-0: Ball 1-0: SOLO HOME RUN (Flyball, 7D, EV 99.4 MPH), Distance : 355 ft
|
|
Batting: RHB Junior Ortiz
|
0-0: Ground out 5-3 (Groundball, 5S, EV 73.8 MPH)
|
|
Batting: RHB David Corman
|
0-0: Ball 1-0: Ball 2-0: Ball 3-0: Base on Balls
|
|
Batting: LHB Wilson Tucker
|
0-0: Foul Ball, location: 2F 0-1: Ball 1-1: Fly out, F7 (Flyball, 7S, EV 85.0 MPH)
|
|
Batting: RHB Daniel Purpura
|
0-0: Called Strike 0-1: Foul Ball, location: 2F 0-2: Fly out, F9 (Flyball, 89M, EV 80.6 MPH)
|
| Bottom of the 4th over - 1 run, 1 hit, 0 errors, 1 left on base; Manchester 0 - Waterbury 1 |
| TOP OF THE 5TH |
|
Manchester Fisher Cats batting - Pitching for Waterbury Rough Riders : RHP Darryl Banks
|
|
Batting: RHB Alex Rodriguez
|
0-0: Ball 1-0: Swinging Strike 1-1: Ball 2-1: SINGLE (Line Drive, 78S, EV 110.0 MPH)
|
|
Batting: LHB Mike Ciampa
|
0-0: Bunted foul 0-1: Ball 1-1: Bunt missed! 1-2: Strikes out swinging
|
|
Batting: RHB Reymundo Estevez
|
0-0: Ball 1-0: Foul Ball, location: 2F 1-1: Ball 2-1: Ball 3-1: Foul Ball, location: 2F 3-2: Fly out, F7 (Line Drive, 7D, EV 92.5 MPH)
|
|
Batting: RHB Tony Stevens
|
0-0: Ball 1-0: Foul Ball, location: 2F 1-1: Swinging Strike 1-2: Foul Ball, location: 2F 1-2: Ball 2-2: Foul Ball, location: 2F 2-2: Ball 3-2: Foul Ball, location: 2F 3-2: Base on Balls Alex Rodriguez to second
|
|
Batting: RHB Paul Croft
|
0-0: Ball 1-0: Ball 2-0: Swinging Strike 2-1: Ball 3-1: Base on Balls Alex Rodriguez to third Tony Stevens to second
|
|
Batting: RHB Dennis Gilbert
|
0-0: Called Strike 0-1: Ball 1-1: Ball 2-1: Ball 3-1: SINGLE (Line Drive, 8RS, EV 106.3 MPH) Alex Rodriguez scores Tony Stevens to third Paul Croft to second Runner from 3rd tries for Home, SAFE, no throw by CF
|
|
Batting: LHB Herbert Orensky
|
0-0: DOUBLE (Line Drive, 3D, EV 103.1 MPH) Paul Croft scores Dennis Gilbert to third Runner from 3rd tries for Home, SAFE, throw by RF to trailing runner, SAFE at third!
|
|
Batting: SHB Danny Hernandez
|
0-0: Foul Ball, location: 2F 0-1: Fly out, F9 (Flyball, 9D, EV 100.0 MPH)
|
| Top of the 5th over - 4 runs, 3 hits, 0 errors, 1 left on base; Manchester 4 - Waterbury 1 |
| BOTTOM OF THE 5TH |
|
Waterbury Rough Riders batting - Pitching for Manchester Fisher Cats : RHP Jesse Flores
|
|
Batting: RHB Jackie Gutierrez
|
0-0: Ball 1-0: Called Strike 1-1: Ground out 3-1 (Groundball, 34, EV 80.6 MPH)
|
|
Batting: LHB Mauricio Medina
|
0-0: Ball 1-0: Swinging Strike 1-1: Ball 2-1: Ball 3-1: Called Strike 3-2: SINGLE (Groundball, 34D, EV 102.5 MPH) (infield hit)
|
|
Batting: LHB Dale Holman
|
0-0: Called Strike 0-1: Called Strike 0-2: Ball 1-2: Strikes out swinging
|
|
Batting: LHB Mike Lebo
|
0-0: Ball Mauricio Medina is caught stealing 2nd base 2-6
|
| Bottom of the 5th over - 0 runs, 1 hit, 0 errors, 0 left on base; Manchester 4 - Waterbury 1 |
| TOP OF THE 6TH |
|
Manchester Fisher Cats batting - Pitching for Waterbury Rough Riders : RHP Darryl Banks
|
|
Batting: LHB Mel Hall
|
0-0: Called Strike 0-1: Ball 1-1: Ball 2-1: SOLO HOME RUN (Flyball, 7LD, EV 103.8 MPH), Distance : 369 ft
|
|
Batting: RHB Alex Rodriguez
|
0-0: Ball 1-0: Foul Ball, location: 2F 1-1: Fly out, F7 (Flyball, 7LD, EV 83.1 MPH)
|
|
Batting: LHB Mike Ciampa
|
0-0: Foul Ball, location: 2F 0-1: Swinging Strike 0-2: Ball 1-2: Ball 2-2: Ground out 4-3 (Groundball, 4, EV 90.6 MPH)
|
|
Batting: RHB Reymundo Estevez
|
0-0: Called Strike 0-1: Ball 1-1: DOUBLE (Line Drive, 78D, EV 106.9 MPH)
|
|
Batting: RHB Tony Stevens
|
0-0: Ball 1-0: Foul Ball, location: 2F 1-1: Ball 2-1: Foul Ball, location: 2F 2-2: Ball 3-2: DOUBLE (Flyball, 8LXD, EV 96.9 MPH) Reymundo Estevez scores
|
|
Pitching: RHP Mike Sullivan
|
|
|
Batting: RHB Paul Croft
|
0-0: Ball 1-0: Fly out, F9 (Flyball, 9S, EV 76.3 MPH)
|
| Top of the 6th over - 2 runs, 3 hits, 0 errors, 1 left on base; Manchester 6 - Waterbury 1 |
| BOTTOM OF THE 6TH |
|
Waterbury Rough Riders batting - Pitching for Manchester Fisher Cats : RHP Jesse Flores
|
|
Batting: LHB Mike Lebo
|
0-0: Ball 1-0: Called Strike 1-1: Ball 2-1: Foul Ball, location: 2F 2-2: Ball 3-2: Fly out, F7 (Flyball, 7LM, EV 91.9 MPH)
|
|
Batting: RHB Jim Maler
|
0-0: Called Strike 0-1: Ball 1-1: Foul Ball, location: 2F 1-2: Ball 2-2: DOUBLE (Line Drive, 89D, EV 108.8 MPH)
|
|
Batting: RHB Junior Ortiz
|
0-0: Ball 1-0: Ground out 5-3 (Groundball, 56, EV 89.4 MPH)
|
|
Batting: RHB David Corman
|
0-0: Fly out, F7 (Line Drive, 7, EV 93.1 MPH)
|
| Bottom of the 6th over - 0 runs, 1 hit, 0 errors, 1 left on base; Manchester 6 - Waterbury 1 |
| TOP OF THE 7TH |
|
Manchester Fisher Cats batting - Pitching for Waterbury Rough Riders : RHP Mike Sullivan
|
|
Batting: RHB Dennis Gilbert
|
0-0: Called Strike 0-1: Foul Ball, location: 2F 0-2: Strikes out swinging
|
|
Batting: LHB Herbert Orensky
|
0-0: Foul Ball, location: 2F 0-1: Ball 1-1: Foul Ball, location: 2F 1-2: Ball 2-2: Ground out 3-1 (Groundball, 34, EV 79.4 MPH)
|
|
Batting: SHB Danny Hernandez
|
0-0: Called Strike 0-1: Ball 1-1: Ball 2-1: SOLO HOME RUN (Flyball, 9D, EV 106.3 MPH), Distance : 370 ft
|
|
Batting: LHB Mel Hall
|
0-0: Called Strike 0-1: Ball 1-1: Called Strike 1-2: Strikes out swinging
|
| Top of the 7th over - 1 run, 1 hit, 0 errors, 0 left on base; Manchester 7 - Waterbury 1 |
| BOTTOM OF THE 7TH |
|
Waterbury Rough Riders batting - Pitching for Manchester Fisher Cats : RHP Jesse Flores
|
|
Batting: LHB Wilson Tucker
|
0-0: Ball 1-0: Foul Ball, location: 2F 1-1: Ball 2-1: Ball 3-1: Base on Balls
|
|
Batting: RHB Daniel Purpura
|
0-0: Swinging Strike 0-1: Ball 1-1: SINGLE (Line Drive, 89S, EV 93.1 MPH) Wilson Tucker to second Runner from 2nd tries for 3rd, SAFE, no throw by RF
|
|
Batting: RHB Jackie Gutierrez
|
0-0: Called Strike 0-1: Called Strike 0-2: Fly out, F7 (Flyball, 78D, EV 102.5 MPH) Runner from 3rd tags up, SCORES, throw by LF
|
|
Batting: LHB Mauricio Medina
|
0-0: Foul Ball, location: 2F 0-1: Ball 1-1: Called Strike 1-2: Foul Ball, location: 2F 1-2: Fly out, F8 (Flyball, 8LM, EV 96.9 MPH)
|
|
Batting: LHB Dale Holman
|
0-0: Ball Daniel Purpura is caught stealing 2nd base 2-6
|
| Bottom of the 7th over - 1 run, 1 hit, 0 errors, 0 left on base; Manchester 7 - Waterbury 2 |
| TOP OF THE 8TH |
|
Manchester Fisher Cats batting - Pitching for Waterbury Rough Riders : RHP Mike Sullivan
|
|
Batting: RHB Alex Rodriguez
|
0-0: Ground out U3 (Groundball, 34, EV 104.4 MPH)
|
|
Batting: LHB Mike Ciampa
|
0-0: Ball 1-0: Ground out 4-3 (Groundball, 34D, EV 89.4 MPH)
|
|
Batting: RHB Reymundo Estevez
|
0-0: Ball 1-0: Ball 2-0: Ball 3-0: Called Strike 3-1: Ground out 4-3 (Groundball, 4, EV 85.0 MPH)
|
| Top of the 8th over - 0 runs, 0 hits, 0 errors, 0 left on base; Manchester 7 - Waterbury 2 |
| BOTTOM OF THE 8TH |
|
Waterbury Rough Riders batting - Pitching for Manchester Fisher Cats : RHP Jesse Flores
|
|
Batting: LHB Dale Holman
|
0-0: Called Strike 0-1: Called Strike 0-2: DOUBLE (Line Drive, 78XD, EV 104.4 MPH)
|
|
Batting: LHB Mike Lebo
|
0-0: Foul Ball, location: 2F 0-1: Swinging Strike 0-2: Ball 1-2: Foul Ball, location: 2F 1-2: Strikes out swinging
|
|
Batting: RHB Jim Maler
|
0-0: Foul Ball, location: 2F 0-1: Reached on error, E5 (Groundball, 56, EV 98.8 MPH) Dale Holman to third
|
|
Batting: RHB Junior Ortiz
|
0-0: Ball 1-0: Foul Ball, location: 2F 1-1: Fly out, F9 (Flyball, 9D, EV 102.5 MPH) Runner from 3rd tags up, SCORES, throw by RF
|
|
Batting: RHB David Corman
|
0-0: Swinging Strike 0-1: Swinging Strike 0-2: Strikes out looking
|
| Bottom of the 8th over - 1 run, 1 hit, 1 error, 1 left on base; Manchester 7 - Waterbury 3 |
| TOP OF THE 9TH |
|
Manchester Fisher Cats batting - Pitching for Waterbury Rough Riders : RHP Mike Sullivan
|
|
Batting: RHB Tony Stevens
|
0-0: Foul Ball, location: 2F 0-1: Ball 1-1: Swinging Strike 1-2: Strikes out looking
|
|
Batting: RHB Paul Croft
|
0-0: Called Strike 0-1: Ball 1-1: Ball 2-1: Swinging Strike 2-2: Strikes out swinging
|
|
Batting: RHB Dennis Gilbert
|
0-0: Foul Ball, location: 2F 0-1: Ground out 6-3 (Groundball, 6, EV 86.3 MPH)
|
| Top of the 9th over - 0 runs, 0 hits, 0 errors, 0 left on base; Manchester 7 - Waterbury 3 |
| BOTTOM OF THE 9TH |
|
Waterbury Rough Riders batting - Pitching for Manchester Fisher Cats : RHP Jesse Flores
|
|
Pitching: RHP Chris Davis
|
|
|
Batting: LHB Wilson Tucker
|
0-0: Ball 1-0: Ball 2-0: Called Strike 2-1: Called Strike 2-2: Ground out 6-3 (Groundball, 6, EV 85.6 MPH)
|
|
Batting: RHB Daniel Purpura
|
0-0: Ball 1-0: Ball 2-0: Ball 3-0: Base on Balls
|
|
Batting: RHB Jackie Gutierrez
|
0-0: Swinging Strike Daniel Purpura steals 2nd base 0-1: Fly out, F4 (Flyball, 34D, EV 88.8 MPH)
|
|
Batting: LHB Mauricio Medina
|
0-0: SINGLE (Groundball, 3L, EV 95.6 MPH) Daniel Purpura to third
|
|
Batting: LHB Dale Holman
|
0-0: Called Strike 0-1: Foul Ball, location: 2F 0-2: Ball 1-2: Ball 2-2: Strikes out swinging
|
| Bottom of the 9th over - 0 runs, 1 hit, 0 errors, 2 left on base; Manchester 7 - Waterbury 3 |
|